 Dungeon Crawl Stone Soup version 0.17-a0-465-g279efb6 (webtiles) character file.

475 DEFE the Slasher (level 7, 0/48 HPs)
             Began as a Halfling Fighter on Apr 6, 2015.
             Slain by an orc wizard
             ... wielding a +2 dagger of electrocution
              (17 damage)
             ... on level 4 of the Dungeon.
             The game lasted 00:05:11 (3354 turns).

DEFE the Slasher (Halfling Fighter)                 Turns: 3354, Time: 00:05:12

Health: 0/48       AC: 10    Str: 18    XL:     7   Next: 32%
Magic:  7/7        EV: 11    Int:  7    God:
Gold:   227        SH:  0    Dex: 14    Spells: 0 memorised, 6 levels left

rFire  . . .     SeeInvis .     a - +0 long sword
rCold  . . .     Clarity  .     b - +0 scale mail
rNeg   . . .     SustAb   .     c - +0 buckler
rPois  .         Gourm    .     (no helmet)
rElec  .         Spirit   .     s - +1 cloak
rCorr  .         Warding  .     t - +0 pair of gloves
rMut   .         Stasis   .     (no boots)
MR     .....                    (no amulet)
Stlth  ..........               (no ring)
                                (no ring)

@: confused, not resistant to hostile enchantments, extremely unstealthy
A: mutation resistance 1
a: no special abilities


You were on level 4 of the Dungeon.
You were hungry.

You visited 1 branch of the dungeon, and saw 4 of its levels.

You collected 227 gold pieces.

Inventory:

Hand weapons
 a - a +0 long sword (weapon)
Armour
 b - a +0 scale mail (worn)
 c - a +0 buckler (worn)
 s - a +1 cloak (worn)
 t - a +0 pair of gloves (worn)
Magical devices
 v - a wand of cold (8)
Scrolls
 g - 3 scrolls of identify {unknown}
 j - 2 scrolls of recharging {unknown}
 k - a scroll of amnesia {unknown}
 l - 5 scrolls of fog {unknown}
 n - 2 scrolls of teleportation {unknown}
 o - a scroll of enchant armour {unknown}
 p - 3 scrolls of magic mapping {unknown}
 q - a scroll of remove curse {unknown}
 r - a scroll of blinking {unknown}
Potions
 f - a potion of brilliance {unknown}
 h - a potion of curing
Comestibles
 d - 4 bread rations
 i - a beef jerky
 m - 3 meat rations


   Skills:
 + Level 4.0 Fighting
 * Level 5.0 Long Blades
 + Level 4.6 Armour
 + Level 4.7 Shields


You had 6 spell levels left.
You didn't know any spells.

Dungeon Overview and Level Annotations

Branches:
Dungeon (4/15)
 Temple: D:4-7

Altars:


Innate Abilities, Weirdness & Mutations

You are small and have problems with some larger weapons.
You are somewhat resistant to further mutation.


Message History

You kill the orc!
Something completely misses you. The orc hits you but does no damage.
Unknown command.
You hit the orc.
You kill the orc!
Something hits you.
You are electrocuted!
* * * LOW HITPOINT WARNING * * *
Unknown command.
Drink which item? (? for menu, Esc to quit)
It was a potion of curing.
You feel better.
You hear some strange, mumbled words.
You are confused.
You miss something.
You hear some strange, mumbled words.
Something tries to affect you, but you resist.
Unknown command.
You hear some strange, mumbled words.
Something tries to affect you, but you resist.
Something hits you.
You are electrocuted!
You die...

## ..... .###......
......... ## ..........
.# ....# ... #.# .W..#
#..# ##..## .#..# #..
###....## ##..##
#.###.{)(...##.. ###..#
#....()@........ #..#
#...(.#####...## ##.##
#...### . .# #W.#
#..######...
####..####.............
..#...................
#...#####....#####....
##)## #....# .. #.#
#....# .#


There were no monsters in sight!

Vanquished Creatures
  Grinder (D:4)
  An ogre (D:4)
  2 orc wizards (D:4)
  A worker ant (D:3)
  2 adders (D:2)
  2 worms
  A giant gecko (D:2)
  An ooze (D:2)
  11 orcs
  4 hobgoblins
  11 kobolds
  A quokka (D:3)
  8 bats
  4 giant cockroaches
  3 giant newts
  7 goblins
  9 rats
69 creatures vanquished.

Notes
Turn   | Place    | Note
--------------------------------------------------------------
     0 | D:1      | DEFE, the Halfling Fighter, began the quest for the Orb.
     0 | D:1      | Reached XP level 1. HP: 15/15 MP: 1/1
   157 | D:1      | Reached XP level 2. HP: 14/20 MP: 2/2
   597 | D:1      | Reached XP level 3. HP: 22/25 MP: 3/3
  1503 | D:2      | Reached XP level 4. HP: 14/31 MP: 4/4
  2210 | D:3      | Reached XP level 5. HP: 36/36 MP: 5/5
  2657 | D:4      | Noticed an ogre
  2685 | D:4      | Killed an ogre
  2685 | D:4      | Reached skill level 4 in Long Blades
  2685 | D:4      | Reached XP level 6. HP: 42/42 MP: 6/6
  2750 | D:4      | Noticed a phantom
  3078 | D:4      | Noticed Grinder
  3097 | D:4      | Killed Grinder
  3097 | D:4      | Reached skill level 5 in Long Blades
  3097 | D:4      | Reached XP level 7. HP: 13/48 MP: 7/7
  3354 | D:4      | Slain by an orc wizard

Action                   |  1- 3 |  4- 6 |  7- 9 || total
-------------------------+-------+-------+-------++-------
Melee: Long sword        |    97 |   130 |    13 ||   240
  Use: Potion            |       |     2 |     1 ||     3
  Eat: Chunk             |     1 |     5 |       ||     6
       Beef jerky        |       |       |     1 ||     1
